 Seeded DCSS version 0.29-a0-356-g7bc237e783 (webtiles) character file.

Game seed: 13387057801375688922 (custom seed)

1392 zeratav the Archer (level 8, -3/60 HPs)
             Began as a Demigod Hunter on Apr 25, 2022.
             Slain by an orc warrior
             ... wielding a +0 morningstar
              (8 damage)
             ... on level 7 of the Dungeon.
             The game lasted 00:07:31 (4368 turns).

zeratav the Archer (Demigod Hunter)                 Turns: 4368, Time: 00:07:32

Health: -3/60      AC: 12    Str: 12    XL:     8   Next: 17%
Magic:  10/10      EV: 12    Int: 11    God:
Gold:   1396       SH:  0    Dex: 25    Spells: 7/7 levels left

rFire   . . .      SeeInvis .   f - +2 longbow (flame) {bow}
rCold   . . .      Faith    .   (shield currently unavailable)
rNeg    . . .      Spirit   .   b - +0 leather armour
rPois   .          Reflect  .   y - +0 helmet
rElec   .          Harm     .   (no cloak)
rCorr   .          Rampage  .   v - +1 pair of gloves
Will    .....                   s - +1 pair of boots
Stlth   ++........              B - amulet of regeneration {@e2}
HPRegen 1.00/turn               I - +4 ring of protection
MPRegen 0.12/turn               (no ring)

@: no status effects
A: high MP 1, forlorn, divine attributes
a: no special abilities


You were on level 7 of the Dungeon.
You visited 1 branch of the dungeon, and saw 7 of its levels.

You collected 1396 gold pieces.


Innate Abilities, Weirdness & Mutations

You have an increased reservoir of magic. (+10% MP)
You shall have no god before yourself.
Your divine heritage dramatically boosts your attributes as you level up.


   Skills:
 - Level 1.7 Fighting
 + Level 10.2 Bows
 - Level 1.7 Dodging
 - Level 0.8 Stealth


You had 7 spell levels left.
You didn't know any spells.
Your spell library contained the following spells:

 Spells                   Type           Power      Damage    Failure   Level
 Sandblast                Erth           0%         2d4       41%         1
 Passwall                 Tmut/Erth      0%         N/A       56%         2
 Sublimation of Blood     Necr           0%         N/A       56%         2
 Wereblood                Tmut           0%         N/A       56%         2
 Stone Arrow              Conj/Erth      0%         3d7       80%         3
 Summon Hydra             Summ           0%         N/A       100%        7

Inventory:

Hand Weapons
 a - a +1 shortbow {bow}
 f - a +2 longbow of flaming (weapon) {bow}
   (You acquired it on level 1 of the Dungeon)
Armour
 b - a +0 leather armour (worn)
 h - a +0 ring mail
   (You took it off an orc on level 6 of the Dungeon)
 l - a +0 leather armour
   (You took it off an orc on level 6 of the Dungeon)
 m - a +0 leather armour
   (You found it on level 6 of the Dungeon)
 o - a +0 plate armour
   (You found it on level 6 of the Dungeon)
 s - a +1 pair of boots (worn)
   (You found it on level 7 of the Dungeon)
 v - a +1 pair of gloves (worn)
   (You found it on level 2 of the Dungeon)
 y - a +0 helmet (worn)
   (You found it on level 3 of the Dungeon)
Jewellery
 w - an amulet of faith {!P}
   (You found it on level 2 of the Dungeon)
 B - an amulet of regeneration (around neck) {@e2}
   (You found it on level 5 of the Dungeon)
 C - a +6 ring of strength
   (You found it on level 6 of the Dungeon)
 I - a +4 ring of protection (left hand)
   (You took it off an orc on level 4 of the Dungeon)
Wands
 q - a wand of acid (8)
   (You found it on level 7 of the Dungeon)
 E - a wand of charming (13)
   (You found it on level 6 of the Dungeon)
Scrolls
 c - 4 scrolls of immolation {!r!r}
 d - 3 scrolls of teleportation {unknown}
 j - a scroll of enchant armour
 x - a scroll of fear {unknown}
 z - 2 scrolls of fog {unknown}
 K - 4 scrolls of holy word {unknown}
 L - a scroll of noise {unknown}
Potions
 e - 9 potions of curing {unknown}
 g - a potion of heal wounds {unknown}
 i - a potion of resistance {unknown}
 k - 3 potions of attraction {unknown}
 n - a potion of cancellation {unknown}
 p - a potion of berserk rage {unknown}
 r - 2 potions of flight {unknown}
 t - 2 potions of lignification {unknown}
 A - a potion of mutation {unknown}
 D - 3 potions of ambrosia {unknown}

Dungeon Overview and Level Annotations

Branches:
Dungeon (7/15)             Temple (0/1) D:7

Annotations:
D:2 1 runed translucent door, Crazy Yiuf

##
#...##.........####.##......
#+#.#...........# #.#####...
#####.......### #.# #.##
#.#+#...#+#.# #.# #.## #..
#####...###.#####.## ....
#......'.......... .....
#......########.##
......#o......# ####
......o@......#
...)..#.......# .....
#......## .... #......+ #..
###...## #. #+#.# # ##


You could see an orc warrior and an orc priest.


Message History

MASSIVE DAMAGE!! (PAUSE)
You are too injured to fight recklessly!
You are too injured to fight recklessly!
You are too injured to fight recklessly!
You are too injured to fight recklessly!
You are too injured to fight recklessly!
You are too injured to fight recklessly!
You are too injured to fight recklessly!
You are too injured to fight recklessly!
You are too injured to fight recklessly!
You are too injured to fight recklessly!
You are too injured to fight recklessly!
You are too injured to fight recklessly!
You are too injured to fight recklessly!
You are too injured to fight recklessly!
You are too injured to fight recklessly!
You are too injured to fight recklessly!
Unknown command.
Shoot: f) +2 longbow (flame) {bow}
Press: ? - help, Q - select action, (/) - cycle Shift-Dir - straight line, f/p - orc warrior
Aim: an orc warrior, wielding a +0 morningstar and wearing a +0 chain mail (lightly wounded, 66% to hit)
You shoot an arrow. The arrow hits the orc warrior!
The arrow burns the orc warrior.
The orc priest calls down the wrath of Beogh upon you.
Beogh smites you! The orc warrior barely misses you.
HP[-8]
You take 8 damage, and now have 35/60 hp.
Shoot: f) +2 longbow (flame) {bow}
Press: ? - help, Q - select action, (/) - cycle Shift-Dir - straight line, f/p - orc warrior
Aim: an orc warrior, wielding a +0 morningstar and wearing a +0 chain mail (severely wounded, 66% to hit)
You shoot an arrow.
The arrow closely misses the orc warrior.
The orc priest hits you with a +0 flail.
The orc warrior hits you with a +0 morningstar.
The orc warrior barely misses you. The orc priest misses you.
HP[-4]
You take 4 damage, and now have 31/60 hp.
Shoot: f) +2 longbow (flame) {bow}
Press: ? - help, Q - select action, (/) - cycle Shift-Dir - straight line, f/p - orc warrior
Aim: an orc warrior, wielding a +0 morningstar and wearing a +0 chain mail (severely wounded, 66% to hit)
You shoot an arrow. The arrow hits the orc warrior.
The arrow burns the orc warrior.
The orc priest hits you but does no damage.
The orc warrior misses you.
HP[+1] Shoot: f) +2 longbow (flame) {bow}
Press: ? - help, Q - select action, (/) - cycle Shift-Dir - straight line, f/p - orc warrior
Aim: an orc warrior, wielding a +0 morningstar and wearing a +0 chain mail (almost dead, 66% to hit)
You shoot an arrow.
The arrow closely misses the orc warrior.
The orc priest closely misses you.
The orc warrior hits you with a +0 morningstar!
* * * LOW HITPOINT WARNING * * *
HP[-10]
You take 10 damage, and now have 22/60 hp.
Shoot: f) +2 longbow (flame) {bow}
Press: ? - help, Q - select action, (/) - cycle Shift-Dir - straight line, f/p - orc warrior
Aim: an orc warrior, wielding a +0 morningstar and wearing a +0 chain mail (almost dead, 66% to hit)
You shoot an arrow.
The arrow hits the orc warrior but does no damage.
The orc priest hits you but does no damage.
The orc warrior completely misses you. The orc warrior closely misses you.
The orc priest misses you.
HP[+1] Shoot: f) +2 longbow (flame) {bow}
Press: ? - help, Q - select action, (/) - cycle Shift-Dir - straight line, f/p - orc warrior
Aim: an orc warrior, wielding a +0 morningstar and wearing a +0 chain mail (almost dead, 66% to hit)
You shoot an arrow.
The arrow barely misses the orc warrior.
The orc warrior barely misses you. The orc priest closely misses you.
HP[+1] Shoot: f) +2 longbow (flame) {bow}
Press: ? - help, Q - select action, (/) - cycle Shift-Dir - straight line, f/p - orc warrior
Aim: an orc warrior, wielding a +0 morningstar and wearing a +0 chain mail (almost dead, 66% to hit)
You shoot an arrow.
The arrow barely misses the orc warrior.
The orc priest casts a cantrip, but nothing happens.
The orc warrior hits you with a +0 morningstar!
* * * LOW HITPOINT WARNING * * *
HP[-12]
You take 12 damage, and now have 12/60 hp.
Shoot: f) +2 longbow (flame) {bow}
Press: ? - help, Q - select action, (/) - cycle Shift-Dir - straight line, f/p - orc warrior
Aim: an orc warrior, wielding a +0 morningstar and wearing a +0 chain mail (severely wounded, 66% to hit)
You shoot an arrow.
The arrow closely misses the orc warrior.
The orc priest barely misses you.
The orc warrior hits you with a +0 morningstar!
* * * LOW HITPOINT WARNING * * *
HP[-6]
You take 6 damage, and now have 6/60 hp.
Shoot: f) +2 longbow (flame) {bow}
Press: ? - help, Q - select action, (/) - cycle Shift-Dir - straight line, f/p - orc warrior
Aim: an orc warrior, wielding a +0 morningstar and wearing a +0 chain mail (severely wounded, 66% to hit)
You shoot an arrow.
The arrow closely misses the orc warrior.
The orc priest hits you with a +0 flail.
* * * LOW HITPOINT WARNING * * *
The orc warrior hits you with a +0 morningstar!
You die...

Skill      XL: |  1  2  3  4  5  6  7  8 |
---------------+-------------------------+-----
Bows           | 4 5 6 8 9 10 | 10.2
Fighting       | |  1.7
Dodging        | |  1.7
Stealth        | |  0.8

Action                   |  1- 3 |  4- 6 |  7- 9 || total
-------------------------+-------+-------+-------++-------
 Fire: Longbow           |    38 |   125 |   104 ||   267
       Shortbow          |     8 |       |       ||     8
  Use: Scroll            |     1 |     1 |     3 ||     5
Armor: Leather armour    |     3 |    11 |    18 ||    32
Dodge: Dodged            |     4 |    15 |    42 ||    61

Levels and vault maps discovered:
D:1:      saegor_arrival_fortress, layout_rooms,
          shapermc_ecumenical_altar_acropolis, hangedman_decor_riveting
D:2:      layout_loops_corners, serial_rivers, chequers_serial_rivers_micro_a,
          chequers_serial_rivers_room_b, chequers_serial_rivers_large_b,
          chequers_serial_rivers_micro_b, minmay_randomly_rotated_circles,
          uniq_crazy_yiuf_cottage, uniq_terence, uniq_jessica
D:3:      layout_loops_cross, nicolae_overflow_hidden_temple
D:4:      layout_basic, lemuel_crystal_altar, mainiacjoe_overflow_alcove_2,
          minmay_distorted
D:5:      minmay_evil_eye, layout_cave_pools, minmay_crystal_room
D:6:      layout_cave_pools, kennysheep_donut, minmay_misc_feat_tower
D:7:      nicolae_cairo_tiling_very_big, layout_loops_ring,
          minmay_temple_entry_mini_moons, gammafunk_ghost_berserking_beasts

Notes
Turn   | Place    | Note
-------+----------+-------------------------------------------
     0 | D:1      | zeratav the Demigod Hunter began the quest for the Orb.
     0 | D:1      | Reached XP level 1. HP: 17/17 MP: 3/3
     0 | D:1      | magus.rc [v1.9.6]
    95 | D:1      | Identified a scroll of acquirement
    95 | D:1      | Acquired a +1 longbow of flaming
   103 | D:1      | Reached skill level 4 in Bows
   141 | D:1      | You pick up a book of Geomancy and begin reading...
   141 | D:1      | You add the spells Sandblast, Passwall and Stone Arrow to
                  | your library.
   187 | D:1      | Reached XP level 2. HP: 24/24 MP: 4/4
   334 | D:1      | You pick up a book of Blood and begin reading...
   334 | D:1      | You add the spells Sublimation of Blood, Wereblood and
                  | Summon Hydra to your library.
   723 | D:2      | Noticed Jessica
   724 | D:2      | Killed Jessica
   725 | D:2      | Reached XP level 3. HP: 29/29 MP: 5/5
   776 | D:2      | Noticed Terence
   779 | D:2      | Killed Terence
   780 | D:2      | Reached skill level 5 in Bows
   814 | D:2      | Reached XP level 4. HP: 34/36 MP: 6/6
  1414 | D:2      | Found a runed translucent door.
  1415 | D:2      | Noticed Crazy Yiuf
  1880 | D:3      | Reached skill level 6 in Bows
  1880 | D:3      | Reached XP level 5. HP: 41/41 MP: 7/7
  2582 | D:4      | Reached XP level 6. HP: 48/48 MP: 8/8
  2590 | D:4      | Reached skill level 7 in Bows
  2712 | D:4      | Reached skill level 8 in Bows
  2816 | D:4      | Acquired 940 gold pieces
  2873 | D:4      | Reached XP level 7. HP: 53/53 MP: 9/9
  3100 | D:5      | Entered Level 5 of the Dungeon
  3693 | D:6      | Reached skill level 9 in Bows
  3900 | D:6      | Reached XP level 8. HP: 60/60 MP: 10/10
  4035 | D:6      | Reached skill level 10 in Bows
  4303 | D:7      | Found a staircase to the Ecumenical Temple.
  4366 | D:7      | HP: 12/60 [orc warrior/+0 morningstar (14)]
  4368 | D:7      | HP: 5/60 [orc priest/+0 flail (2)]
  4368 | D:7      | Slain by an orc warrior

Vanquished Creatures
  A water moccasin (D:6)
  A black bear (D:4)
  2 ogres
  2 phantoms
  2 bullfrogs
  A scorpion (D:6)
  A howler monkey (D:6)
  2 jellies
  2 hounds (D:6)
  2 orc priests
  Jessica (D:2)
  Terence (D:2)
  6 iguanas
  An orc wizard (D:4)
  12 adders
  A white imp (D:7)
  2 worms (D:2)
  A dart slug (D:3)
  17 orcs
  12 ball pythons
  4 bats
  8 endoplasms
  7 giant cockroaches
  8 goblins
  9 hobgoblins
  3 jackals (D:5)
  5 quokkas
  4 frilled lizards (D:1)
  2 kobolds (D:1)
  6 rats
126 creatures vanquished.

Table legend:
 A = Non-vault XP
 B = Vault XP
 C = Vault XP percentage of total XP
 D = Non-vault monster count
 E = Vault monster count
 F = Vault count percentage of total count
                 A         B        C        D         E       F
            +---------+---------+-------+---------+---------+-------
      Total |    1869 |     120 |   6.0 |     115 |      11 |   8.7
            +---------+---------+-------+---------+---------+-------
        D:1 |      29 |       0 |   0.0 |      20 |       0 |   0.0
        D:2 |      79 |      82 |  50.9 |      21 |       8 |  27.6
        D:3 |     133 |       0 |   0.0 |      20 |       0 |   0.0
        D:4 |     657 |      38 |   5.5 |      27 |       3 |  10.0
        D:5 |      12 |       0 |   0.0 |       5 |       0 |   0.0
        D:6 |     907 |       0 |   0.0 |      20 |       0 |   0.0
        D:7 |      52 |       0 |   0.0 |       2 |       0 |   0.0
            +---------+---------+-------+---------+---------+-------

Illustrated notes

Table legend:
 A = Kills in this place as a percentage of kills in entire the game.
 B = Kills by you in this place as a percentage of kills by you in the entire game.
 C = Kills by friends in this place as a percentage of kills by friends in the entire game.
 D = Other kills in this place as a percentage of other kills in the entire game.
 E = Experience gained in this place as a percentage of experience gained in the entire game.
 F = Experience gained in this place divided by the number of levels of this place that you have seen.
                   A       B       C       D       E      F
               +-------+-------+-------+-------+-------+----------------------
         Total | 100.0 | 100.0 |   N/A |   N/A | 100.0 | 284.1
       Dungeon | 100.0 | 100.0 |   N/A |   N/A | 100.0 | 284.1
               +-------+-------+-------+-------+-------+----------------------

Table legend: (Time is in decaauts)
 A = Elapsed time spent in this place.
 B = Non-inter-level travel time spent in this place.
 C = Inter-level travel time spent in this place.
 D = Time resting spent in this place.
 E = Time spent auto-exploring this place.
 F = Levels seen in this place.
 G = Mean time per level.
                   A        B        C        D        E       F      G
               +--------+--------+--------+--------+--------+-----+--------+
         Total |   4549 |   4371 |    178 |      0 |   3724 |   7 |  649.9 |
       Dungeon |   4549 |   4371 |    178 |      0 |   3724 |   7 |  649.9 |
               +--------+--------+--------+--------+--------+-----+--------+

Top non-repeatable levels by time:
     D:2: 1323 daAuts
     D:6: 689 daAuts
     D:3: 661 daAuts
     D:1: 648 daAuts
     D:4: 613 daAuts
     D:5: 468 daAuts
     D:7: 145 daAuts
